 Dungeon Crawl Stone Soup version 0.31.0-9-g3a7656b989 (webtiles) character file.

Game seed: 3029299559288089706

2077955 kuniqs the Impregnable (level 27, 156/156 HPs)
             Began as a Vine Stalker Berserker on Jan 31, 2024.
             Was a Follower of Uskayaw.
             Escaped with the Orb
             ... and 3 runes
             ... and 2 gems!
             The game lasted 02:20:00 (57826 turns).

kuniqs the Impregnable (Vine Stalker Berserker)    Turns: 57826, Time: 02:20:01

Health: 156/156    AC: 57    Str: 26    XL:     27
Magic:  39/39      EV: 16    Int:  7    God:    Uskayaw [*.....]
Gold:   4708       SH: 24    Dex: 23    Spells: 26/26 levels left

rFire   + . .        c - +8 quick blade (vamp)
rCold   + . .        z - +0 tower shield
rNeg    . . .        o - +8 gold dragon scales
rPois   +            r - +2 helmet
rElec   .            a - +2 cloak {Will+}
rCorr   +            i - +2 pair of gloves {Dex+3}
SInv    +            S - +4 pair of boots of Eternal Night {Regen+ rCorr Dex-2}
Will    ++++.        B - amulet of Vitality {RegenMP++ Regen++} Stlth
                     p - +4 ring of protection
HPRegen 3.66/turn    K - ring of see invisible
MPRegen 1.06/turn

%: guardian spirit
@: studying Unarmed Combat
A: fangs 3, regeneration 1, magic shield, antimagic bite, no potion heal 2,
iridescent scales 1, persistent drain
0: Orb of Zot
}: 3/15 runes: decaying, silver, gossamer
a: Renounce Religion, Stomp


You escaped.
You worshipped Uskayaw.
Uskayaw was greatly pleased with you.
You visited 11 branches of the dungeon, and saw 51 of its levels.
You also visited: Ice Cave, Volcano and Wizlab.

You collected 9805 gold pieces.
You spent 5097 gold pieces at shops.

Inventory:

Hand Weapons
 b - the +11 halberd "Ipnugig" {freeze, ^Contam Will++ Int+6}
   (You took it off a white draconian on level 5 of the Realm of Zot)

   Int+6:     It affects your intelligence (+6).
   Will++:    It greatly increases your willpower.
   ^Contam:   It causes magical contamination when unequipped.
 c - a +8 vampiric quick blade (weapon)
 T - the +8 arc blade {discharge, rElec}
   (You took it off a vault warden on level 5 of the Vaults)

   rElec:     It insulates you from electricity.
 W - a +9 quick blade of flaming
Missiles
 m - 4 throwing nets (quivered)
Armour
 a - a +2 cloak of willpower (worn)
 i - a +2 pair of gloves of dexterity (worn)
 o - +8 gold dragon scales (worn)
 q - the +9 plate armour "Nudo" {rN++ Int-5 Dex+2}
   (You bought it in a shop on level 1 of the Depths)

   Int-5:     It affects your intelligence (-5).
   Dex+2:     It affects your dexterity (+2).
   rN++:      It greatly protects you from negative energy.
 r - a +2 helmet (worn)
 z - a +0 tower shield (worn)
 D - +4 storm dragon scales {Bai Suzhen}
 S - the +4 pair of boots of Eternal Night (worn) {Regen+ rCorr Dex-2}
   (You found it on level 8 of the Dungeon)

   Dex-2:     It affects your dexterity (-2).
   Regen+:    It increases your rate of health regeneration.
   rCorr:     It protects you from acid and corrosion.
Jewellery
 p - a +4 ring of protection (left hand)
 y - a ring of flight
 B - the amulet of Vitality (around neck) {RegenMP++ Regen++}
   (You took it off a deep elf master archer on level 3 of the Elven Halls)

   [amulet of magic regeneration]

   RegenMP:   It increases your rate of magic regeneration.
   Regen++:   It increases your rate of health regeneration.
 K - a ring of see invisible (right hand)
 M - the amulet of the Locust {Reflect rC+ Will+ SH+5}
   (You found it on level 3 of the Crypt)

   [amulet of reflection]

   Reflect:   It reflects blocked missile attacks.
   rC+:       It protects you from cold.
   Will+:     It increases your willpower.
   SH+5:      It affects your SH (+5).
 O - the ring of Araanuen {Fly rC+ rN+ rCorr Str-2}
   (You found it on level 3 of the Crypt)

   [ring of positive energy]

   Str-2:     It affects your strength (-2).
   rC+:       It protects you from cold.
   rN+:       It protects you from negative energy.
   Fly:       It grants you flight.
   rCorr:     It protects you from acid and corrosion.
 Y - the ring of Curiosity {Fire rElec Slay+2}
   (You acquired it on level 1 of the Elven Halls)

   [ring of fire]

   Fire:      It enhances your fire magic.
   Slay+2:    It affects your accuracy & damage with ranged weapons and melee
   (+2).
   rF+:       It protects you from fire.
   rC-:       It makes you vulnerable to cold.
   rElec:     It insulates you from electricity.
 Z - a ring of poison resistance
Wands
 l - a wand of digging (18)
 t - a wand of light (33)
 F - a wand of iceblast (44)
Scrolls
 d - 3 scrolls of blinking
 e - 14 scrolls of immolation
 j - 15 scrolls of teleportation
 n - 8 scrolls of fear
 H - 6 scrolls of poison
 P - 3 scrolls of revelation
 Q - 5 scrolls of fog
 V - 27 scrolls of identify {@r1}
Potions
 f - 7 potions of haste
 g - 2 potions of resistance
 h - 4 potions of magic
 k - 7 potions of lignification
 s - 5 potions of might
 v - 8 potions of mutation
 w - 3 potions of enlightenment
 C - 5 potions of attraction
 J - a potion of berserk rage
 L - 19 potions of curing {@q1}
 R - 6 potions of invisibility
 X - 4 potions of cancellation
Miscellaneous
 x - a lightning rod (4/4)
 E - a phial of floods


   Skills:
 - Level 20.0 Fighting
 - Level 14.0 Short Blades
 + Level 23.4 Armour
 - Level 17.0 Dodging
 - Level 8.0 Stealth
 - Level 20.0 Shields
 - Level 22.0 Invocations
 - Level 5.0 Evocations


You had 26 spell levels left.
You didn't know any spells.
Your spell library contained the following spells:

 Spells                   Type           Power      Damage    Failure   Level
 Kiss of Death            Conj/Necr      0%         2d5       100%        1
 Sandblast                Erth           0%         2d4       100%        1
 Shock                    Conj/Air       0%         1d3       100%        1
 Slow                     Hex            0%         N/A       100%        1
 Summon Small Mammal      Summ           0%         N/A       100%        1
 Blink                    Tloc           0%         N/A       100%        2
 Cigotuvi's Dreadful Rot  Necr/Alch/Air  0%         N/A       100%        2
 Ensorcelled Hibernation  Hex/Ice        0%         N/A       100%        2
 Lesser Beckoning         Tloc           0%         N/A       100%        2
 Momentum Strike          Conj/Tloc      0%         3d8       100%        2
 Scorch                   Fire           0%         2d5       100%        2
 Static Discharge         Conj/Air       0%         3-3/arc   100%        2
 Call Canine Familiar     Summ           0%         N/A       100%        3
 Confusing Touch          Hex            0%         N/A       100%        3
 Dazzling Flash           Conj/Hex       0%         N/A       100%        3
 Frozen Ramparts          Ice            0%         1d1       100%        3
 Gell's Gravitas          Tloc           0%         N/A       100%        3
 Hailstorm                Conj/Ice       0%         3d5       100%        3
 Inner Flame              Hex/Fire       0%         N/A       100%        3
 Mephitic Cloud           Conj/Alch/Air  0%         N/A       100%        3
 Passwall                 Erth           0%         N/A       100%        3
 Sigil of Binding         Hex            0%         N/A       100%        3
 Stone Arrow              Conj/Erth      0%         3d7       100%        3
 Summon Ice Beast         Ice/Summ       0%         N/A       100%        3
 Swiftness                Air            0%         N/A       100%        3
 Teleport Other           Tloc           0%         N/A       100%        3
 Vampiric Draining        Necr           0%         2d6       100%        3
 Airstrike                Air            0%         2d(0-16)  100%        4
 Anguish                  Hex/Necr       0%         N/A       100%        4
 Brom's Barrelling Bould  Conj/Erth      0%         2d3       100%        4
 Cause Fear               Hex            0%         N/A       100%        4
 Dimensional Bullseye     Hex/Tloc       0%         N/A       100%        4
 Dispel Undead            Necr           0%         3d6       100%        4
 Flame Wave               Conj/Fire      0%         2d4       100%        4
 Ignite Poison            Fire/Alch      0%         N/A       100%        4
 Leda's Liquefaction      Alch/Erth      0%         N/A       100%        4
 Manifold Assault         Tloc           0%         N/A       100%        4
 Petrify                  Alch/Erth      0%         N/A       100%        4
 Sticky Flame             Fire/Alch      0%         2d4       100%        4
 Summon Blazeheart Golem  Fire/Summ      0%         N/A       100%        4
 Summon Lightning Spire   Summ/Air       0%         N/A       100%        4
 Alistair's Intoxication  Alch           0%         N/A       100%        5
 Borgnjor's Vile Clutch   Necr/Erth      0%         N/A       100%        5
 Curse of Agony           Necr           0%         N/A       100%        5
 Freezing Cloud           Conj/Ice/Air   0%         6-21      100%        5
 Irradiate                Conj/Alch      0%         3d11      100%        5
 Metabolic Englaciation   Hex/Ice        0%         N/A       100%        5
 Silence                  Hex/Air        0%         N/A       100%        5
 Summon Forest            Summ/Tloc      0%         N/A       100%        5
 Summon Mana Viper        Hex/Summ       0%         N/A       100%        5
 Conjure Ball Lightning   Conj/Air       0%         3x3d6     100%        6
 Dispersal                Tloc           0%         N/A       100%        6
 Eringya's Noxious Bog    Alch           0%         4d6       100%        6
 Sculpt Simulacrum        Ice/Alch       0%         N/A       100%        6
 Summon Cactus Giant      Summ           0%         N/A       100%        6
 Haunt                    Necr/Summ      0%         N/A       100%        7
 Monstrous Menagerie      Summ           0%         N/A       100%        7
 Orb of Destruction       Conj           0%         9d5       100%        7
 Spellforged Servitor     Conj/Summ      0%         N/A       100%        7
 Summon Hydra             Summ           0%         N/A       100%        7
 Borgnjor's Revivificati  Necr           0%         N/A       100%        8
 Discord                  Hex            0%         N/A       100%        8
 Disjunction              Tloc           0%         N/A       100%        8
 Ignition                 Fire           0%         3d3       100%        8
 Chain Lightning          Conj/Air       0%         N/A       100%        9
 Death's Door             Necr           0%         N/A       100%        9
 Fire Storm               Conj/Fire      0%         5d1       100%        9
 Shatter                  Erth           0%         3d5*      100%        9


Dungeon Overview and Level Annotations

Branches:
Dungeon (15/15)            Temple (1/1) D:4            Lair (5/5) D:11
  Swamp (4/4) Lair:2       Spider (4/4) Lair:2        Slime (0/5) Lair:4
    Orc (2/2) D:10            Elf (3/3) Orc:2        Vaults (5/5) D:13
  Crypt (3/3) Vaults:3       Tomb (0/3) Crypt:3      Depths (4/4) D:15
    Zot (5/5) Depths:4      IceCv (visited)         Volcano (visited)
 WizLab (visited)

Altars:
Ashenzari
Cheibriados
Dithmenos
Elyvilon
Fedhas
Gozag
Hepliaklqana
Kikubaaqudgha
Makhleb
Nemelex Xobeh
Okawaru
Qazlal
Ru
Sif Muna
Trog
Uskayaw
Vehumet
Wu Jian
Xom
Yredelemnul
Zin
The Shining One
Jiyva

Shops:
D:2 :   D:8 *   D:9 :   D:10 [   D:15 *   Orc:2 [:*   Elf:1 !**(=   Elf:3 (
Vaults:5 **![   Depths:1 [*(:!   Depths:2 :

Portals:
Hell: Depths:1 Depths:2 Depths:3 Depths:4
Abyss: Depths:3
Pandemonium: Depths:2
Ziggurat: Depths:3

Annotations:
Swamp:2 2 runed translucent doors, Skimidon's ghost, adept VSDe
Orc:1 1 runed translucent door, Nynolub's ghost, journeyman GrFi
Elf:2 Roxanne
Crypt:1 1 runed translucent door, Nyubb's ghost, veteran MiGl
Depths:4 3 runed translucent doors, strangelove's ghost, master GrEE


Innate Abilities, Weirdness & Mutations

You have razor-sharp teeth.
Your natural rate of healing is unusually fast.
When hurt, damage is shared between your health and your magic reserves.
Your bite disrupts and absorbs the magic of your enemies.
Potions cannot restore your health.
You are partially covered in iridescent scales. (AC +2)
Your health recovers twice as slowly from being drained.


Message History

Your bite misses the Orb Guardian. You hit the Orb Guardian.
You bite the Orb Guardian! You drain its power.
The Orb Guardian is moderately wounded.
You puncture the Orb Guardian! You bite the Orb Guardian! You drain its power.
You closely miss the Orb Guardian.
You bite the Orb Guardian, but do no damage.
The Orb Guardian is severely wounded.
You block the Orb Guardian's attack.
You can now pass through a line of other dancers.
You hit the Orb Guardian. You bite the Orb Guardian. You drain its power.
You hit the Orb Guardian but do no damage.
Your bite misses the Orb Guardian.
The Orb Guardian is severely wounded.
You block the Orb Guardian's attack.
You closely miss the Orb Guardian. Your bite misses the Orb Guardian.
You hit the Orb Guardian.
You bite the Orb Guardian, but do no damage.
The Orb Guardian is severely wounded.
You block the Orb Guardian's attack.
You hit the Orb Guardian. Your bite misses the Orb Guardian.
You hit the Orb Guardian but do no damage.
You bite the Orb Guardian! You drain its power.
The Orb Guardian is almost dead.
You block the Orb Guardian's attack.
You hit the Orb Guardian but do no damage.
You bite the Orb Guardian, but do no damage.
You hit the Orb Guardian. Your bite misses the Orb Guardian.
The Orb Guardian is almost dead.
You hit the Orb Guardian.
You kill the Orb Guardian!
No target in view!
There is a stone staircase leading up here.
There is a stone staircase leading up here.
You climb upwards.
There is a stone staircase leading down here.
There is a stone staircase leading up here.
You climb upwards.
There is a stone staircase leading down here.
There is a staircase leading out of the dungeon here.
You have escaped!

.# #.#.#.#.#.##### #.# #..#
.# #.#.#.#.......# #.# #..#
.# #.#.#.#.#########.###..#
.#
#.#.#.#..........#.##..#####
.#
#.#.#.#.#######.###.........
.#
#.#.#.#.......##.#.###.#####
.# #...#.#.#####.###.## #.#
#. .# #####.#.#...#.# #.#
#.# ## .# #.....#.#.#@#.#
#.####.##### .#
#.#####.#.###.###...........
.#
#.......#.....#....###.####.
.# #######.#######.##.# #.#
#. .# #.......###.##.# #.#
#. .#
#####..........###.####. .#
#..............##... .#
#..####.##.######.#. .#
#..####.##......)...


There were no monsters in sight!

Vanquished Creatures
  7 dread liches
  Frederick (Crypt:3)
  9 ancient liches
  Mennas (Depths:4)
  3 orbs of fire (Zot:5)
  2 juggernauts
  A royal mummy (Crypt:3)
  Xtahua (Crypt:3)
  Boris (Vaults:2)
  A Head Instructor (WizLab)
  3 curse toes
  Bai Suzhen (Elf:3)
  10 Killer Klowns
  Margery (Vaults:2)
  3 caustic shrikes (Depths:4)
  10 golden dragons
  5 bone dragons
  Jory (Crypt:3)
  5 Brimstone Fiends
  A hellephant (Depths:3)
  A shard shrike zombie (Crypt:3)
  3 electric golems (Zot:5)
  Rupert (D:13)
  A walking crystal tome (Depths:4)
  An Ice Fiend (Depths:1)
  30 Orb Guardians
  Zenata (Vaults:2)
  A shard shrike skeleton (Crypt:3)
  21 tentacled monstrosities
  7 liches
  A searing wretch (Vaults:2)
  2 deep elf master archers (Elf:3)
  4 deep elf blademasters
  8 titans (Vaults:5)
  3 quicksilver dragons
  Asterion (Vaults:2)
  2 walking frostbound tomes
  9 sphinxes
  2 Executioners
  9 death cobs
  A walking divine tome (Depths:3)
  3 ancient champions
  Agnes (Spider:3)
  The ghost of James the Peltast, an adept MiBe of Trog (Elf:3)
  2 thorn hunters (Swamp:4)
  11 shadow dragons
  Gastronok (D:11)
  10 tengu reavers
  Donald (Swamp:2)
  23 storm dragons
  Aizul (Vaults:2)
  A protean progenitor (Zot:5)
  3 fenstrider witches (Swamp:4)
  7 draconian knights
  An emperor scorpion (Spider:4)
  14 fire giants
  4 frost giants
  13 draconian monks
  3 revenants
  A juggernaut zombie (Crypt:3)
  17 vault wardens
  5 deep elf sorcerers
  13 ghost moths
  8 draconian shifters
  An iron dragon (Depths:3)
  3 curse skulls
  5 draconian scorchers
  A spectral juggernaut (Crypt:2)
  6 spectral caustic shrikes (Depths:2)
  3 caustic shrike zombies
  5 draconian stormcallers
  2 deep elf elementalists
  10 ghouls
  4 balrugs
  17 ironbound preservers
  A cacodemon (Depths:1)
  5 reapers
  2 caustic shrike skeletons
  18 stone giants
  9 ironbound thunderhulks
  2 spriggan defenders
  A very ugly thing (Depths:3)
  4 draconian annihilators
  24 black draconians
  A formless jellyfish (Vaults:3)
  5 vampire knights
  10 deep elf demonologists
  15 deep elf death magi
  3 broodmothers (Spider:4)
  4 eleionomae
  11 green draconians
  19 red draconians
  15 white draconians
  The ghost of flt the Skirmisher, a journeyman FoHs of Cheibriados (Lair:1)
  11 yellow draconians
  7 dire elephants (Vaults:3)
  2 lorocyprocas
  3 war gargoyles
  9 deep elf annihilators
  2 spectral titans
  6 spark wasps
  11 purple draconians
  3 bunyips
  3 blizzard demons
  A quicksilver dragon zombie (Crypt:3)
  A green death (Depths:1)
  A spectral quicksilver dragon (Crypt:2)
  15 eidola
  11 jiangshi
  A shambling mangrove (Swamp:4)
  3 crystal guardians
  21 ettins
  4 deep elf high priests
  4 entropy weavers
  9 ice dragons
  10 yaktaur captains
  A spectral shadow dragon (Crypt:2)
  2 spectral spriggans (Crypt:2)
  10 fire dragons
  7 great orbs of eyes
  3 spriggan zombies
  21 hydras
  2 peacekeepers
  6 salamander tyrants (Depths:3)
  3 rakshasas
  2 spriggan air magi
  2 catoblepae
  7 hell beasts
  A jorogumo (Spider:2)
  28 vault guards
  A fenstrider witch zombie (Crypt:3)
  9 alligators
  Harold (D:11)
  2 ghost crabs
  3 radroaches
  3 spriggan skeletons
  2 anacondas (Zot:5)
  12 centaur warriors
  3 ogre magi
  15 two-headed ogres
  An anaconda (shapeshifter) (Vaults:5)
  A fenstrider witch skeleton (Crypt:2)
  8 boulder beetles
  25 dancing weapons
  5 ironbound frosthearts
  16 death yaks
  4 tengu warriors (D:15)
  8 deep troll shamans
  3 deep troll earth magi
  4 hell hogs (Depths:3)
  5 spriggan berserkers
  Urug (Lair:1)
  10 occultists
  3 orc high priests (Orc:2)
  6 demonic crawlers
  25 deep elf knights
  12 spriggans
  15 vampire magi
  A titan zombie (Depths:2)
  A spectral naga (Crypt:2)
  9 soul eaters
  A shock serpent (shapeshifter) (Vaults:5)
  Amaemon (D:9)
  12 hell knights
  6 pharaoh ants
  7 iron trolls
  2 shadow wraiths (Crypt:2)
  A titan skeleton (Crypt:2)
  4 bunyip zombies
  A skyshark (Lair:5)
  2 sixfirhies (Depths:1)
  17 skeletal warriors
  A mana viper (shapeshifter) (Vaults:5)
  7 goliath frogs
  2 salamander mystics (WizLab)
  2 orb spiders
  47 deep trolls
  5 flayed ghosts
  An anaconda zombie (Crypt:3)
  8 deep elf archers
  2 glowing orange brains
  An obsidian statue (Depths:1)
  A shadow demon (Zot:5)
  8 swamp dragons
  6 mana vipers (WizLab)
  A golden dragon zombie (Crypt:3)
  5 large abominations
  6 spriggan druids
  4 sun moths
  A tengu zombie (Depths:3)
  22 ironbound convokers
  4 arcanists
  A shadow dragon zombie (Depths:3)
  Pikel (D:6)
  15 phantasmal warriors
  5 steelbarb worms
  7 bog bodies
  A bunyip skeleton (Crypt:2)
  An alligator zombie (Crypt:3)
  An anaconda skeleton (Crypt:2)
  A spriggan simulacrum (Crypt:2)
  7 harpies
  27 deep elf zephyrmancers
  19 necromancers
  6 lindwurms
  6 orc knights
  36 deep elf pyromancers
  A shining eye (shapeshifter) (Vaults:5)
  7 orc sorcerers
  2 stone giant zombies
  3 will-o-the-wisps
  19 wolf spiders
  11 ugly things
  A fire giant zombie (Vaults:2)
  13 cyclopes
  A naga zombie (Crypt:3)
  A salamander (shapeshifter) (Vaults:5)
  A frost giant skeleton (Depths:2)
  4 manticores
  16 vault sentinels
  A naga mage (WizLab)
  A rust devil (Depths:4)
  6 meliai (Spider:4)
  30 moths of wrath
  11 slime creatures
  A spectral centaur (Crypt:2)
  6 black mambas
  5 kobold blastminers
  2 centaur zombies (D:15)
  An alligator snapping turtle zombie (Crypt:2)
  2 molten gargoyles (Depths:3)
  2 stone giant skeletons
  22 cane toads
  A mana viper zombie (Crypt:2)
  A water nymph (shapeshifter) (Depths:2)
  4 torpor snails
  2 ice statues (IceCv)
  An elephant (Lair:5)
  An eye of devastation (shapeshifter) (Depths:3)
  2 centaur skeletons
  2 smoke demons
  A torpor snail (shapeshifter) (Vaults:5)
  An orange demon (D:9)
  A grey draconian zombie (Crypt:2)
  A hellion (Depths:1)
  Jeremiah (Lair:1)
  A white draconian zombie (Crypt:2)
  An alligator snapping turtle skeleton (Crypt:1)
  A kobold demonologist (D:12)
  A rime drake (shapeshifter) (Elf:1)
  2 human zombies
  7 ice devils
  14 freezing wraiths
  An efreet (D:15)
  4 rime drakes
  A golden dragon simulacrum (Depths:3)
  48 yaktaurs
  A guardian mummy (Zot:3)
  10 komodo dragons
  5 anaconda simulacra (IceCv)
  A spectral harpy (Crypt:2)
  A black draconian skeleton (Crypt:1)
  7 tengu conjurers
  3 red devils
  5 harpy zombies
  12 trolls
  A hydra skeleton (Crypt:2)
  A bloated husk (Swamp:1)
  14 hellwings
  A polar bear (shapeshifter) (D:15)
  11 polar bears
  16 hornets
  Grinder (D:5)
  7 tyrant leeches
  A wolf spider simulacrum (D:14)
  2 ettin zombies (Crypt:3)
  18 tarantellas
  2 harpy skeletons (Crypt:3)
  3 glass eyes
  A fire giant simulacrum (Vaults:2)
  A dream sheep (shapeshifter) (D:13)
  9 blink frogs
  A meliai zombie (D:15)
  27 jumping spiders
  A centaur simulacrum (D:15)
  7 dream sheep (Lair:4)
  3 wyverns
  7 vampires
  2 ynoxinuls (Depths:1)
  4 air elementals
  22 culicivoras
  A spectral black mamba (Crypt:2)
  4 dire elephant simulacra (IceCv)
  2 shadows (D:15)
  6 wraiths
  17 humans
  A warg (shapeshifter) (Depths:3)
  An ushabti (Crypt:3)
  A fire bat (shapeshifter) (D:15)
  4 water elementals
  A steam dragon (D:7)
  A tyrant leech zombie (Crypt:1)
  58 yaks
  4 fire elementals
  A warg (Orc:2)
  5 basilisks
  A chaos spawn (Depths:1)
  A death yak simulacrum (Lair:4)
  50 redbacks
  15 vampire mosquitoes
  5 neqoxecs
  A harpy simulacrum (IceCv)
  4 acid dragons
  17 swamp worms
  2 hell hounds (Volcano)
  2 naga skeletons (Crypt:2)
  A glowing shapeshifter skeleton (Crypt:1)
  14 water moccasins
  11 swamp drakes
  A demonspawn skeleton (Crypt:1)
  16 orc warriors
  An ice dragon simulacrum (Crypt:2)
  14 black bears
  4 boggarts
  19 laughing skulls
  4 wolves (Lair:4)
  14 ogres
  5 centaurs
  A phantom (D:5)
  7 kobold brigands
  Blork the orc (D:6)
  4 necrophages (Crypt:2)
  An earth elemental (Elf:2)
  A gnoll sergeant (D:13)
  20 bullfrogs
  2 cyclops zombies (Depths:2)
  A two-headed ogre simulacrum (IceCv)
  2 scorpions
  4 wights (D:6)
  5 wyvern skeletons (Crypt:3)
  3 cane toad simulacra (Lair:4)
  7 killer bees
  7 electric eels
  A howler monkey (D:9)
  2 vampire bats (D:3)
  2 hounds
  A bombardier beetle (D:5)
  2 jellies (D:6)
  A gnoll bouda (D:9)
  16 orc priests
  4 iguanas
  A sleepcap (D:7)
  Ijyb (D:3)
  28 orc wizards
  A basilisk skeleton (Crypt:2)
  A boggart zombie (D:15)
  4 hell rats (Lair:2)
  A boggart skeleton (Crypt:2)
  2 troll simulacra (IceCv)
  A polar bear simulacrum (Lair:4)
  2 wolf simulacra (IceCv)
  A hound skeleton (Crypt:1)
  2 mummies (Crypt:3)
  6 adders
  12 gnolls
  3 white imps
  A ribbon worm (D:2)
  A dart slug (D:1)
  46 orcs
  7 ball pythons
  5 bats
  5 bat skeletons
  2 bat zombies (D:3)
  5 endoplasms
  8 giant cockroaches
  8 hobgoblins
  7 jackals
  A quokka (D:5)
  A bombardier beetle zombie (Crypt:1)
  2 frilled lizards (D:2)
  A giant cockroach zombie (Crypt:1)
  18 goblins
  A jackal zombie (Crypt:2)
  55 kobolds
  A kobold zombie (Crypt:2)
  6 rats
2425 creatures vanquished.

Vanquished Creatures (collateral kills)
  A dancing weapon (Elf:2)
  A demonic crawler (Spider:3)
  A deep elf knight (Elf:2)
  A deep elf zephyrmancer (Elf:2)
  A wolf spider (Spider:3)
  An ugly thing (D:14)
  4 redbacks (Spider:3)
10 creatures vanquished.

Vanquished Creatures (others)
  A great orb of eyes (Vaults:2)
  A yaktaur captain (Vaults:2)
  A deep troll shaman (Depths:2)
  A spriggan berserker (Swamp:4)
  A deep elf knight (Elf:3)
  A goliath frog (Swamp:3)
  A deep elf pyromancer (Elf:2)
  An ugly thing (D:14)
  An elephant (Lair:5)
  A bloated husk (Swamp:1)
  An orc (D:7)
  8 foxfires
  23 spectral weapons
42 creatures vanquished.

Grand Total: 2477 creatures vanquished

Notes
Turn   | Place    | Note
-------+----------+-------------------------------------------
     0 | D:1      | kuniqs the Vine Stalker Berserker began the quest for the
                  | Orb.
     0 | D:1      | Reached XP level 1. HP: 11/11 MP: 2/2
   189 | D:1      | Reached XP level 2. HP: 16/16 MP: 3/3
   361 | D:1      | Reached skill level 1 in Invocations
   384 | D:1      | Reached XP level 3. HP: 20/20 MP: 4/4
   402 | D:1      | Reached ** piety under Trog
   828 | D:2      | Found Isyos's Vocational Training.
   983 | D:2      | Reached XP level 4. HP: 24/24 MP: 6/6
  1152 | D:3      | Found an ancient bone altar of Kikubaaqudgha.
  1184 | D:3      | Reached XP level 5. HP: 27/28 MP: 7/7
  1271 | D:2      | Identified a scroll of acquirement
  1272 | D:2      | Acquired 1027 gold pieces
  1699 | D:4      | Reached XP level 6. HP: 33/33 MP: 8/8
  1754 | D:3      | Found a blossoming altar of Fedhas.
  1836 | D:3      | Noticed Ijyb
  1877 | D:3      | Killed Ijyb
  1877 | D:3      | Reached *** piety under Trog
  1928 | D:3      | Reached skill level 2 in Armour
  2012 | D:4      | Found a hazy altar of Hepliaklqana.
  2069 | D:4      | Found a staircase to the Ecumenical Temple.
  2099 | D:4      | Noticed an orc warrior
  2109 | D:4      | Killed an orc warrior
  2110 | D:4      | Reached skill level 5 in Short Blades
  2237 | D:5      | Entered Level 5 of the Dungeon
  2253 | D:5      | Reached skill level 1 in Evocations
  2253 | D:5      | Reached XP level 7. HP: 32/37 MP: 10/10
  2616 | D:5      | Found an iron altar of Okawaru.
  2646 | D:6      | Noticed Blork the orc
  2670 | D:6      | Killed Blork the orc
  2864 | D:6      | Gained mutation: You have razor-sharp teeth. [Vine Stalker
                  | growth]
  2864 | D:6      | Reached XP level 8. HP: 41/42 MP: 11/11
  3049 | D:7      | Reached skill level 5 in Fighting
  3259 | D:7      | Reached skill level 1 in Shields
  3259 | D:7      | Reached XP level 9. HP: 47/47 MP: 13/13
  3390 | D:8      | Reached **** piety under Trog
  3421 | D:8      | Reached skill level 5 in Invocations
  3458 | D:8      | Found Raremair's Gadget Gallery.
  3469 | D:8      | Bought a wand of charming (6) for 230 gold pieces
  3469 | D:8      | Bought a phial of floods for 640 gold pieces
  3730 | D:9      | Noticed a hornet
  3736 | D:9      | Paralysed by a hornet for 2 turns
  3747 | D:9      | Killed a hornet
  3809 | D:9      | Noticed Amaemon
  3826 | D:9      | Noticed an orange demon
  3827 | D:9      | Killed Amaemon
  3828 | D:9      | Reached XP level 10. HP: 53/53 MP: 15/15
  3971 | D:9      | Noticed a two-headed ogre
  3987 | D:8      | Killed a two-headed ogre
  4108 | D:10     | Entered Level 10 of the Dungeon
  4130 | D:10     | Reached skill level 5 in Evocations
  4210 | D:10     | Found Xuikkof's Armour Shop.
  4210 | D:10     | Found a staircase to the Orcish Mines.
  4420 | D:10     | Found a basalt altar of Yredelemnul.
  4603 | D:11     | Noticed a centaur warrior
  4624 | D:11     | Killed a centaur warrior
  4625 | D:11     | Reached XP level 11. HP: 58/58 MP: 15/17
  4658 | D:11     | Reached skill level 10 in Short Blades
  4671 | D:11     | Reached skill level 5 in Shields
  4781 | D:11     | Identified the +0 robe of the Platytaur {rF+}
  4886 | D:11     | Noticed a death yak
  4887 | D:11     | Noticed a death yak
  4915 | D:11     | Killed a death yak
  4975 | D:11     | Noticed a death yak
  5014 | D:11     | Killed a death yak
  5054 | D:11     | Noticed a death yak
  5066 | D:11     | Noticed a death yak
  5067 | D:11     | Noticed a death yak
  5089 | D:11     | Killed a death yak
  5189 | D:10     | Killed a death yak
  5242 | D:11     | Killed a death yak
  5251 | D:11     | Killed a death yak
  5324 | D:11     | Found a staircase to the Lair.
  5328 | D:12     | Noticed a two-headed ogre
  5338 | D:12     | Killed a two-headed ogre
  5339 | D:12     | Reached XP level 12. HP: 65/65 MP: 19/19
  5631 | D:13     | Noticed a centaur warrior
  5631 | D:13     | Noticed an entropy weaver
  5631 | D:13     | Noticed Rupert
  5631 | D:13     | Noticed a boulder beetle
  5631 | D:13     | Found a gate to the Vaults.
  5831 | D:14     | Noticed a seven-headed hydra
  5895 | D:14     | Killed a seven-headed hydra
  6023 | D:14     | Reached skill level 3 in Armour
  6025 | D:15     | Entered Level 15 of the Dungeon
  6026 | D:15     | Noticed a tengu warrior
  6149 | D:15     | Found Mawahez's General Store.
  6158 | D:15     | Bought a potion of curing for 36 gold pieces
  6158 | D:15     | Bought 2 potions of haste for 240 gold pieces
  6174 | D:15     | Noticed a two-headed ogre
  6181 | D:15     | Noticed an ogre mage
  6190 | D:15     | Killed a two-headed ogre
  6196 | D:15     | Noticed a two-headed ogre
  6198 | D:15     | Killed an ogre mage
  6201 | D:15     | Noticed a two-headed ogre
  6203 | D:15     | Noticed a two-headed ogre
  6209 | D:15     | Killed a two-headed ogre
  6221 | D:15     | Killed a two-headed ogre
  6232 | D:15     | Killed a two-headed ogre
  6235 | D:15     | Noticed a centaur warrior
  6259 | D:15     | Killed a centaur warrior
  6260 | D:15     | Reached XP level 13. HP: 59/70 MP: 19/21
  6354 | D:15     | Reached skill level 4 in Armour
  6663 | D:15     | Reached skill level 10 in Invocations
  6670 | D:15     | Noticed a rakshasa
  6756 | D:15     | Noticed a rakshasa
  6783 | D:15     | Killed a rakshasa
  6854 | D:15     | Found a staircase to the Depths.
  6857 | D:15     | Got a smoky gem with 2509 turns to spare
  7174 | D:9      | Found a white marble altar of Elyvilon.
  7200 | D:9      | Reached skill level 10 in Fighting
  7281 | D:9      | Reached skill level 5 in Armour
  7386 | D:9      | Found Riqukleo's Book Shop.
  8094 | D:3      | Found a sparkling altar of Nemelex Xobeh.
  8835 | D:5      | Noticed Grinder
  8858 | D:5      | Killed Grinder
  9331 | D:6      | Found a radiant altar of Vehumet.
  9490 | D:6      | Noticed Pikel
  9513 | D:6      | Killed Pikel
  9698 | D:7      | Paralysed by a hornet for 2 turns
  9737 | D:7      | Found an ornate altar of the Wu Jian Council.
  9919 | D:8      | Identified the +4 pair of boots of Eternal Night {Regen+
                  | rCorr Dex-2}
  9957 | D:8      | Found a shimmering blue altar of Sif Muna.
 10519 | D:10     | Found a broken altar of Ashenzari.
 10757 | D:11     | Noticed Gastronok
 10767 | D:11     | Killed Gastronok
 10768 | D:11     | Reached skill level 5 in Dodging
 10931 | D:11     | Noticed Harold
 10977 | D:11     | Killed Harold
 11290 | D:13     | Reached ***** piety under Trog
 11307 | D:13     | Reached XP level 14. HP: 77/77 MP: 22/22
 11750 | D:14     | Found a hide-covered altar of Uskayaw.
 12352 | D:15     | Paralysed by a hornet for 3 turns
 12527 | D:15     | Reached skill level 6 in Armour
 13369 | Lair:1   | Entered Level 1 of the Lair of Beasts
 13568 | Lair:1   | Noticed Urug
 13601 | Lair:1   | Killed Urug
 13704 | Lair:1   | Found a runed translucent door.
 13705 | Lair:1   | Noticed flt's ghost (journeyman FoHs)
 13750 | Lair:1   | Killed flt's ghost
 13813 | Lair:1   | Noticed Sonja
 13814 | Lair:1   | Sonja changed into Sonja the blink frog
 13814 | Lair:1   | Noticed Sonja
 13821 | Lair:1   | Killed Sonja the blink frog
 13897 | Lair:1   | Noticed Jeremiah
 13903 | Lair:1   | Killed Jeremiah
 13947 | Lair:1   | Received a gift from Trog
 14631 | Lair:2   | Reached XP level 15. HP: 80/82 MP: 24/24
 14737 | Lair:2   | Found a hazy altar of Hepliaklqana.
 14769 | Lair:2   | Found a hole to the Spider Nest.
 15170 | Lair:2   | Found a staircase to the Swamp.
 16320 | Lair:4   | Received a gift from Trog
 16344 | Lair:4   | Found a staircase to the Slime Pits.
 16344 | Lair:4   | Found a viscous altar of Jiyva.
 16461 | Lair:4   | Found a frozen archway.
 16492 | Lair:4   | Reached skill level 7 in Armour
 16527 | IceCv    | Entered an ice cave
 16846 | IceCv    | Found the +4 skin of Zhor {*Englaciate rC+++ SInv}
 17678 | Lair:5   | Entered Level 5 of the Lair of Beasts
 17728 | Lair:5   | Reached skill level 10 in Shields
 17843 | Lair:5   | Reached ****** piety under Trog
 17883 | Lair:5   | Received a gift from Trog
 18092 | Lair:5   | Reached XP level 16. HP: 87/88 MP: 24/26
 18830 | Orc:1    | Entered Level 1 of the Orcish Mines
 18890 | Orc:2    | Entered Level 2 of the Orcish Mines
 18962 | Orc:1    | Received a gift from Trog
 18985 | Orc:1    | Found a dark tunnel.
 18990 | Volcano  | Entered a volcano
 19305 | Orc:1    | Found a runed translucent door.
 19305 | Orc:1    | Noticed Nynolub's ghost (journeyman GrFi)
 19784 | Orc:2    | Found a staircase to the Elven Halls.
 19970 | Orc:2    | Reached skill level 8 in Armour
 20244 | Orc:2    | Found Zatawk's Magic Scroll Emporium.
 20250 | Orc:2    | Found Asin's Antique Armour Shop.
 20258 | Orc:2    | Bought a brightly glowing scale mail for 297 gold pieces
 20258 | Orc:2    | Identified the +5 scale mail of Supple Strength {rC+ SInv}
                  | (You bought it in a shop on level 2 of the Orcish Mines)
 20258 | Orc:2    | Found Jizyfeqo's Book Shop.
 20260 | Orc:2    | Found Qobet's General Store.
 20269 | Orc:2    | Bought a scroll of fog for 60 gold pieces
 20497 | D:2      | Bought a manual of Invocations for 1120 gold pieces
 20683 | D:13     | Killed Rupert
 21078 | D:13     | Received a gift from Trog
 21177 | D:15     | Bought a scroll of enchant weapon for 90 gold pieces
 21380 | Spider:1 | Entered Level 1 of the Spider Nest
 22616 | Spider:2 | You fall into a shaft and drop 1 floor!
 22948 | Spider:2 | Reached XP level 17. HP: 91/94 MP: 28/28
 23500 | Spider:3 | Reached skill level 9 in Armour
 23594 | Spider:3 | Received a gift from Trog
 23830 | Spider:3 | Noticed Agnes
 23841 | Spider:3 | Killed Agnes
 23972 | Spider:4 | Entered Level 4 of the Spider Nest
 24864 | Spider:4 | Received a gift from Trog
 25065 | Spider:4 | Reached skill level 15 in Invocations
 25143 | Spider:4 | Got a gossamer rune of Zot
 25460 | Elf:1    | Entered Level 1 of the Elven Halls
 25584 | Elf:1    | Reached XP level 18. HP: 53/100 MP: 11/30
 25669 | Elf:1    | Found Baukh's Jewellery Emporium.
 25717 | Elf:1    | Found Irood's General Store.
 25725 | Elf:1    | Found Baukh's Antique Weapon Shoppe.
 25727 | Elf:1    | Bought a potion of haste for 140 gold pieces
 25747 | Elf:1    | Bought a scorched rapier for 261 gold pieces
 25747 | Elf:1    | Identified the +1 rapier "Disotzabb" {drain, rCorr Int+3
                  | Stlth+} (You bought it in a shop on level 1 of the Elven
                  | Halls)
 25838 | Elf:1    | Received a gift from Trog
 25894 | Elf:1    | Found Vefesauss's Distillery.
 25897 | Elf:1    | Bought a potion of cancellation for 144 gold pieces
 25910 | Elf:1    | Acquired the ring of Curiosity {Fire rElec Slay+2}
 25929 | Elf:1    | Reached skill level 10 in Armour
 26105 | Elf:1    | Reached skill level 10 in Dodging
 26105 | Elf:1    | Found Hoiph's General Store.
 26110 | Elf:1    | Bought a scroll of revelation for 82 gold pieces
 26110 | Elf:1    | Bought a potion of might for 44 gold pieces
 26372 | Elf:2    | Noticed Roxanne
 26397 | Elf:2    | Received a gift from Trog
 26611 | Elf:2    | Paralysed by an air elemental for 1 turns
 26692 | Elf:2    | Found a runed translucent gate.
 26693 | Elf:2    | Found a runed translucent gate.
 26693 | Elf:2    | Found a runed translucent gate.
 26893 | Elf:2    | Noticed a deep elf blademaster
 26923 | Elf:2    | Killed a deep elf blademaster
 27589 | Elf:3    | Entered Level 3 of the Elven Halls
 27635 | Elf:3    | Paralysed by an air elemental for 1 turns
 27643 | Elf:3    | Paralysed by an air elemental for 1 turns
 27761 | Elf:3    | Reached XP level 19. HP: 81/106 MP: 32/32
 27764 | Elf:3    | Received a gift from Trog
 27931 | Elf:3    | Noticed a Tzitzimitl
 28038 | Elf:3    | Noticed a Brimstone Fiend
 28093 | Elf:3    | Reached skill level 11 in Armour
 28113 | Elf:3    | Identified the +8 scimitar of Uncomfortable Rashes {freeze,
                  | rElec rN+ Str-2}
 28165 | Elf:3    | Identified the +5 sling of Twilight {drain, rElec Will+}
 28250 | Elf:3    | Noticed Bai Suzhen
 28292 | Elf:3    | Killed Bai Suzhen
 28311 | Elf:3    | Identified the amulet "Byot" {RegenMP Str+4 Int+4 Slay-6
                  | Stlth+}
 28331 | Elf:3    | Identified the staff "Uphysiol" {rC+ Int+3 Ice}
 28576 | Elf:3    | Fell from the grace of Trog
 28818 | Temple   | Entered the Ecumenical Temple
 28833 | Temple   | Became a worshipper of Uskayaw the Reveller
 29105 | Elf:3    | Reached * piety under Uskayaw
 29143 | Elf:3    | Reached ** piety under Uskayaw
 29223 | Elf:3    | Found Vousch's Weapon Boutique.
 29242 | Elf:3    | Reached *** piety under Uskayaw
 29246 | Elf:3    | Reached **** piety under Uskayaw
 29248 | Elf:3    | Reached ***** piety under Uskayaw
 29265 | Elf:3    | Found a runed translucent door.
 29266 | Elf:3    | Noticed James's ghost (adept MiBe)
 29421 | Elf:3    | Killed James's ghost
 29998 | Vaults:1 | Entered Level 1 of the Vaults
 30178 | Vaults:1 | Paralysed by Trog for 5 turns
 30295 | Vaults:1 | Reached ****** piety under Uskayaw
 30963 | Vaults:2 | Identified the serpent talisman of Exclusion {rC+ rN+}
 30963 | Vaults:2 | Noticed Aizul
 30985 | Vaults:2 | Killed Aizul
 31026 | Vaults:2 | Noticed Asterion
 31040 | Vaults:2 | Killed Asterion
 31166 | Vaults:2 | Paralysed by Trog for 7 turns
 31303 | Vaults:2 | Reached skill level 1 in Stealth
 31447 | Vaults:2 | Noticed Zenata
 31582 | Vaults:2 | Reached XP level 20. HP: 84/112 MP: 24/33
 31584 | Vaults:2 | Reached skill level 15 in Fighting
 31759 | Vaults:2 | Noticed Margery
 31763 | Vaults:2 | Killed Margery
 32247 | Vaults:2 | Noticed Boris
 32255 | Vaults:2 | Killed Boris
 32437 | Vaults:2 | Reached skill level 5 in Stealth
 33072 | Vaults:2 | Killed Zenata
 33160 | Vaults:3 | Reached skill level 12 in Armour
 33516 | Vaults:3 | Identified the staff of Red Wine {rN+ Conj}
 34295 | Vaults:3 | Found a staircase to the Crypt.
 34515 | Vaults:3 | Paralysed by a formless jellyfish for 1 turns
 34561 | Vaults:3 | Reached XP level 21. HP: 118/118 MP: 33/35
 36669 | Depths:1 | Entered Level 1 of the Depths
 36675 | Depths:1 | Found Guwinnuf's General Store.
 36681 | Depths:1 | Found Toexzis's Book Boutique.
 36686 | Depths:1 | Found Bapeuf's Distillery.
 36686 | Depths:1 | Found Zoisinnukk's Armour Shop.
 36691 | Depths:1 | Found Faafosoc's Weapon Shop.
 36703 | Depths:1 | Found a magical portal.
 36714 | WizLab   | Entered Yara's Duelist Academy
 37275 | WizLab   | Reached skill level 15 in Shields
 37277 | WizLab   | Noticed Aran Quz
 37284 | WizLab   | Killed Aran Quz the Head Instructor
 37348 | WizLab   | Got Yara's Quarto of Spellbinding
 37735 | Depths:1 | Gained mutation: You are partially covered in iridescent
                  | scales. (AC +2) [a neqoxec]
 37757 | Depths:1 | Reached skill level 13 in Armour
 37757 | Depths:1 | Found a gateway to Hell.
 37759 | Depths:1 | Gained mutation: Your health recovers twice as slowly from
                  | being drained. [a neqoxec]
 37884 | Depths:1 | Paralysed by Trog for 7 turns
 37908 | Depths:1 | Noticed a dread lich
 37948 | Depths:1 | Killed a dread lich
 38161 | Depths:1 | Found the +6 Majin-Bo {spellvamp, MP+6 Int+6}
 38636 | Depths:2 | Reached XP level 22. HP: 98/125 MP: 27/36
 38954 | Depths:2 | Found Wiuroori's Book Emporium.
 39184 | Depths:2 | Was forgiven by Trog
 39202 | Depths:2 | Found a one-way gate leading to the halls of Pandemonium.
 39472 | Depths:2 | Noticed a juggernaut
 39482 | Depths:2 | Killed a juggernaut
 39509 | Depths:2 | Identified the +1 hand axe "Jelly's Peril" {drain, rF-
                  | Int+4 Dex+2}
 40245 | Depths:3 | Noticed a golden dragon
 40254 | Depths:3 | Killed a golden dragon
 40266 | Depths:3 | Reached XP level 23. HP: 67/130 MP: 37/37
 40362 | Depths:3 | Reached skill level 14 in Armour
 40454 | Depths:3 | Noticed an ancient lich
 40488 | Depths:3 | Killed an ancient lich
 40924 | Depths:3 | Found a one-way gate to the infinite horrors of the Abyss.
 41294 | Depths:3 | Found a one-way gateway to a ziggurat.
 41301 | Depths:3 | Identified the +7 sling of Extermination {freeze, Dex+2}
 41549 | Depths:3 | Noticed a golden dragon
 42166 | Depths:3 | Killed a golden dragon
 42192 | Depths:3 | Noticed a golden dragon
 42201 | Depths:3 | Killed a golden dragon
 42421 | Depths:4 | Entered Level 4 of the Depths
 42604 | Depths:4 | Noticed Mennas
 42623 | Depths:4 | Killed Mennas
 43027 | Depths:4 | Noticed a caustic shrike
 43028 | Depths:4 | Noticed a caustic shrike
 43028 | Depths:4 | Noticed a caustic shrike
 43038 | Depths:4 | Killed a caustic shrike
 43040 | Depths:4 | Killed a caustic shrike
 43049 | Depths:4 | Killed a caustic shrike
 43282 | Depths:4 | Found a gate to the Realm of Zot.
 43320 | Depths:4 | Found a runed translucent gate.
 43320 | Depths:4 | Found a runed translucent gate.
 43320 | Depths:4 | Found a runed translucent gate.
 43321 | Depths:4 | Noticed strangelove's ghost (master GrEE)
 43432 | Depths:4 | Noticed a juggernaut
 43442 | Depths:4 | Killed a juggernaut
 43488 | Depths:4 | Reached XP level 24. HP: 112/137 MP: 31/38
 43609 | Depths:1 | Bought the +9 plate armour "Nudo" {rN++ Int-5 Dex+2} for
                  | 1108 gold pieces
 43910 | Crypt:1  | Entered Level 1 of the Crypt
 44278 | Crypt:1  | Found a runed translucent door.
 44594 | Crypt:1  | Noticed Nyubb's ghost (veteran MiGl)
 44765 | Crypt:2  | Reached skill level 15 in Armour
 45094 | Crypt:2  | Reached skill level 15 in Dodging
 45391 | Crypt:2  | Found a basalt altar of Yredelemnul.
 45464 | Crypt:3  | Entered Level 3 of the Crypt
 45711 | Crypt:3  | Found the +10 zealot's sword {holy, Zealotry, *Rage rN+
                  | EV+3}
 45720 | Crypt:3  | Identified the amulet of the Locust {Reflect rC+ Will+
                  | SH+5}
 45722 | Crypt:3  | Identified the +10 orcbow "Oriyd" {freeze, rCorr Dex+4}
 45831 | Crypt:3  | Noticed Jory
 45865 | Crypt:3  | Killed Jory
 46028 | Crypt:3  | Found a staircase to the Tomb.
 46028 | Crypt:3  | Noticed a royal mummy
 46034 | Crypt:3  | Killed a royal mummy
 46255 | Crypt:3  | Reached XP level 25. HP: 143/143 MP: 38/38
 46256 | Crypt:3  | Found an ancient bone altar of Kikubaaqudgha.
 46359 | Crypt:3  | Identified the orb "Otaogyum" {light, rPois rF- Int-3 Summ}
 46359 | Crypt:3  | Noticed Frederick
 46609 | Crypt:3  | Killed Frederick
 46663 | Crypt:3  | Noticed Xtahua
 46675 | Crypt:3  | Killed Xtahua
 46710 | Crypt:3  | Noticed an ancient lich
 46735 | Crypt:3  | Killed an ancient lich
 46742 | Crypt:3  | Identified the staff "Ponnolegg" {rPois rCorr Dex+6
                  | Alchemy}
 46750 | Crypt:3  | Identified the ring "Nuorreqai" {rN+ Int+2}
 46750 | Crypt:3  | Identified the ring of Araanuen {Fly rC+ rN+ rCorr Str-2}
 47372 | Vaults:5 | Entered Level 5 of the Vaults
 47451 | Vaults:5 | Identified the +5 chain mail of an ossuary {SInv Stlth+}
 47758 | Vaults:5 | Identified the ring of Suspicion {rElec rPois Will- EV+5}
 47767 | Vaults:5 | Identified the +1 leather armour of the Playwright {rF+
                  | rCorr Str-2 Int+2}
 47863 | Vaults:5 | Reached skill level 16 in Armour
 47894 | Vaults:5 | Noticed a dread lich
 47900 | Vaults:5 | Killed a dread lich
 47900 | Vaults:5 | Found Tito's General Store.
 47901 | Vaults:5 | Found Gaekog's General Store.
 47939 | Vaults:5 | Bought a scroll of blinking for 135 gold pieces
 47939 | Vaults:5 | Bought a scroll of teleportation for 54 gold pieces
 47963 | Vaults:5 | Found Boshio's Distillery.
 47974 | Vaults:5 | Bought a potion of cancellation for 104 gold pieces
 47974 | Vaults:5 | Bought a potion of haste for 130 gold pieces
 47974 | Vaults:5 | Bought 2 potions of curing for 78 gold pieces
 47974 | Vaults:5 | Bought a potion of cancellation for 104 gold pieces
 47989 | Vaults:5 | Found Delyatt's Antique Armour Shop.
 48200 | Vaults:5 | Reached XP level 26. HP: 150/150 MP: 38/38
 48350 | Vaults:5 | Got a silver rune of Zot
 48355 | Vaults:5 | Identified the +0 ring mail "Hapaxeve" {Regen+}
 48363 | Vaults:5 | Got the Teachings on the Jinx and Hypothermia
 49548 | Swamp:1  | Entered Level 1 of the Swamp
 49647 | Swamp:2  | Found a large runed translucent door.
 49648 | Swamp:2  | Found a large runed translucent door.
 49662 | Swamp:2  | Noticed Skimidon's ghost (adept VSDe)
 49793 | Swamp:4  | Entered Level 4 of the Swamp
 49965 | Swamp:4  | Got a mossy gem with 1388 turns to spare
 49980 | Swamp:4  | Got a decaying rune of Zot
 50276 | Swamp:4  | Found a runed translucent door.
 51113 | Swamp:2  | Noticed Donald
 51121 | Swamp:2  | Killed Donald
 52172 | Zot:1    | Entered Level 1 of the Realm of Zot
 52370 | Zot:1    | Reached skill level 17 in Armour
 52503 | Zot:1    | Identified the +0 leather armour of the Gravedigger {Harm
                  | +Inv Regen+ MP+9}
 52795 | Zot:2    | Noticed a Killer Klown
 52804 | Zot:2    | Killed a Killer Klown
 52841 | Zot:2    | Reached XP level 27. HP: 131/156 MP: 36/39
 54124 | Zot:3    | Reached skill level 18 in Armour
 55114 | Zot:4    | Reached skill level 19 in Armour
 55479 | Zot:5    | Entered Level 5 of the Realm of Zot
 55640 | Zot:5    | Reached skill level 20 in Armour
 55861 | Zot:5    | Noticed a dread lich
 55866 | Zot:5    | Killed a dread lich
 55887 | Zot:5    | Noticed an ancient lich
 55899 | Zot:5    | Noticed an ancient lich
 55900 | Zot:5    | Killed an ancient lich
 55900 | Zot:5    | Noticed a dread lich
 55900 | Zot:5    | Noticed an orb of fire
 55900 | Zot:5    | Noticed an ancient lich
 55901 | Zot:5    | Noticed an ancient lich
 56059 | Zot:5    | Noticed a dread lich
 56063 | Zot:5    | Killed an ancient lich
 56070 | Zot:5    | Killed a dread lich
 56076 | Zot:5    | Killed an orb of fire
 56077 | Zot:5    | Reached skill level 21 in Armour
 56221 | Zot:5    | Noticed an ancient lich
 56230 | Zot:5    | Killed an ancient lich
 56453 | Zot:5    | Killed an ancient lich
 56708 | Zot:5    | Noticed an orb of fire
 56709 | Zot:5    | Killed an orb of fire
 56742 | Zot:5    | Killed an ancient lich
 56743 | Zot:5    | Reached skill level 22 in Armour
 56806 | Zot:5    | Noticed an ancient lich
 56818 | Zot:5    | Noticed a dread lich
 56820 | Zot:5    | Noticed an ancient lich
 56823 | Zot:5    | Killed an ancient lich
 56823 | Zot:5    | Noticed an orb of fire
 56831 | Zot:5    | Noticed a dread lich
 56835 | Zot:5    | Killed a dread lich
 56836 | Zot:5    | Identified the +11 halberd "Ipnugig" {freeze, ^Contam
                  | Will++ Int+6}
 56843 | Zot:5    | Killed a dread lich
 56850 | Zot:5    | Killed a dread lich
 56855 | Zot:5    | Killed an orb of fire
 56890 | Zot:5    | Killed an ancient lich
 56896 | Zot:5    | Reached skill level 23 in Armour
 57072 | Zot:5    | Got the Orb of Zot
 57826 | D:$      | Escaped with the Orb!

Illustrated notes

Levels and vault maps discovered:
D:1:      matt_arrival_spirals, layout_loops_ring, minmay_crystal_room
D:2:      layout_basic, minivault_27, nicolae_shop_vocational
D:3:      kennysheep_goblin_castle, layout_basic, kennysheep_vampire_church,
          nemelex_diamond_rough_becter, lemuel_doored_altar, uniq_ijyb
D:4:      layout_loops_corners, nicolae_hepliaklqana_hippocampus, temple_green,
          grunt_ministairs_7, minmay_misc_feat_secret_circle,
          chequers_serial_rivers_large_b
D:5:      layout_basic, mainiacjoe_overflow_six_doors_small, kennysheep_nub,
          uniq_grinder
D:6:      layout_rooms, nicolae_vehumet_altar_sigil, corexii_shack,
          kennysheep_generic_room_15, uniq_pikel, uniq_blork_the_orc
D:7:      layout_rooms, lemuel_coloured_pillars_altar
D:8:      layout_rooms, nicolae_sif_muna_condensation, nicolae_shop_gadgets
D:9:      layout_basic, elyvilon_altar_1, serial_shops, shop,
          hangedman_decor_push, uniq_amaemon
D:10:     layout_cave_pools, mainiacjoe_overflow_boulevard,
          mainiacjoe_overflow_alcove_2, orc_david_3
D:11:     layout_basic, dpeg_lair_monsters, uniq_gastronok, uniq_harold
D:12:     layout_gridville
D:13:     layout_rooms, david_vaults_3
D:14:     layout_cave_pods, nicolae_uskayaw_dance_hall, kennysheep_windowed_goal
D:15:     grunt_enter_depths_magical_seal, layout_basic, serial_shops, shop,
          serial_undead, serial_undead_d, serial_undead_c, serial_undead_f,
          serial_undead_c, serial_undead_e, minmay_circle_x
Temple:   bh_familiar_temple
Lair:1:   layout_roguey, hellmonk_ghost_happy_afterlife, grunt_megastairs_2,
          serial_bayou_shore_a, infiniplex_staircase_pool_2, lemuel_fruit_tree,
          uniq_urug, uniq_jeremiah, uniq_sonja
Lair:2:   layout_cave_pods, mainiacjoe_swamp_entry_angry_trees,
          hellmonk_spider_entry_life_and_decay, basic_altar
Lair:3:   layout_cave_pods, kennysheep_basilisk_garden, lemuel_fruit_fields
Lair:4:   layout_loops_ring, slime_entry_1, portal_ice_cave_entry_ice_simulacra,
          minivault_11
Lair:5:   minmay_lair_end_frog_pond, layout_gridlike
Swamp:1:  layout_basic_swamp, nicolae_swamp_rocky_clearing, swamp_pool_1_2
Swamp:2:  layout_basic_swamp, ebering_ghost_disaster_area,
          evilmike_swamp_ruin_house_2, swamp_pool_1_2,
          nicolae_swamp_long_stream, uniq_donald
Swamp:3:  layout_basic_swamp, evilmike_swamp_ruin_rubble_2
Swamp:4:  swamp_basic_johnstein, layout_basic_swamp, nzn_swamp_weyward_sisters
Spider:1: layout_chambers
Spider:2: layout_spider_delve
Spider:3: layout_spider_delve, uniq_agnes
Spider:4: grunt_spider_rune_parallel
Orc:1:    layout_caves, enter_volcano_4, ebering_ghost_reflecting_pool
Orc:2:    st_orc_elflike, layout_caves, blackcustard_rock_pile
Elf:1:    eino_elf_arrival_customs, layout_geoelf_octagon, serial_shops, shop,
          nicolae_shop_tiny_real_fake_doors, nicolae_shop_advertising_works
          [nicolae_subvault_shop_adworks], nicolae_shop_overgrown_old_shop,
          nicolae_shop_tiny_waterfront, nicolae_elf_crossing_hall
Elf:2:    nicolae_elf_blades_crystal_corner, layout_rooms,
          dreamdust_princess_bridge, uniq_roxanne
Elf:3:    elf_hall_gauntlet_wide, layout_gridlike, ebering_ghost_inner_flame,
          serial_shops, nicolae_shop_pleasant_corner_grove, uniq_bai_suzhen
Vaults:1: vaults_mumra_minichess, nicolae_vaults_offset_grid_hallway_4,
          v_misc_22, v_alt_pattern_6, vaults_room_hallway,
          nicolae_vaults_steering_wheel, nicolae_vaults_variable_pillar_hall,
          vaults_dpeg_ring, v_rooms_6, nicolae_vaults_tetromino_L_2,
          nicolae_vaults_mitosis, nicolae_vaults_asterisk,
          layout_vaults_maze_snakey
Vaults:2: vaults_standard_mumra_x, serial_library_hellmonk_reading_circle,
          v_pattern_4, nicolae_vaults_circle_grid_a,
          nicolae_vaults_closet_pinwheel_6, vaults_room_grid,
          ontoclasm_vaults_ligature, serial_ice_b, nicolae_vaults_asterisk,
          vaults_room_stairs_pillars, nicolae_vaults_trapezoid_lopsided_3,
          v_misc_16, nicolae_vaults_trapezoid_4, grunt_vaults_hallway_short,
          vaults_dpeg_hooks, layout_vaults_chaotic_city, uniq_boris,
          uniq_margery, uniq_zenata, uniq_aizul, uniq_asterion
Vaults:3: dpeg_vaults_monster_box, minmay_crypt_entry_vampire_xt,
          nicolae_vaults_more_shelving_1, v_misc_2,
          hangedman_vaults_stretched_pinwheel, nicolae_vaults_house_1,
          vaults_room_semicircle, grunt_vaults_funnel,
          nicolae_vaults_stairing_the_circle, v_misc_12,
          ontoclasm_vaults_gallery, layout_vaults_omnibox
Vaults:4: nicolae_vaults_surprise_closet, vaults_mumra_minichess_inversion,
          nicolae_vaults_house_2, nicolae_vaults_little_ls, v_pattern_3,
          layout_vaults_omnigrid
Vaults:5: serial_shops
Crypt:1:  layout_gridlike, ebering_ghost_reflecting_pool, grunt_megastairs_3,
          grunt_crypt_arrival_webbed
Crypt:2:  lemuel_vampire_tower, layout_rooms, corexii_hall_statues_t
Crypt:3:  evilmike_haunted_forest, uniq_jory, uniq_xtahua, uniq_frederick
Depths:1: minmay_guarded_unrand_majin_bo, layout_cave_shapes,
          grunt_hell_entry_demonic_statue, serial_shops, shop_fountains,
          mu_enter_wizlab_4, serial_bayou_lagoon_a, minmay_microvault,
          minmay_shoptagon
Depths:2: giant_chief_lemuel, layout_cave_shapes, hex_medium,
          pf_hell_entry_tar_river, serial_shops, shop,
          grunt_pan_entry_in_and_out, firewood_loft
Depths:3: hellmonk_hyper_hexagons [hex_subvault_bell, hex_subvault_angles,
          hex_subvault_roundabout, hex_subvault_ellipse_pattern,
          hex_subvault_open_curves, hex_subvault_double_channel], abyss_entry,
          hell_entry
Depths:4: grunt_twist_and_shout, layout_basic, minmay_misc_feat_tiny,
          hell_entry, gammafunk_ghost_necromancy, grunt_tough_drop, uniq_mennas
Zot:1:    layout_misc_corridors
Zot:2:    layout_gridlike, grunt_megastairs_4
Zot:3:    hangedman_snap_crack_crunch, layout_concentric_octagons
Zot:4:    nicolae_moth_party, layout_cellular_growth
Zot:5:    layout_misc_corridors, st_stairs_12, drop_trap

Skill      XL: |  1  2  3  4  5  6  7  8  9 10 11 12 13 14 15 16 17 18 19 20 21 22 23 24 25 26 27 |
---------------+----------------------------------------------------------------------------------+-----
Short Blades   | 3 4 5 7 8 9 10 11 12 13 14 | 14.0
Invocations    | 1 2 3 4 5 7 8 9 10 11 12 13 15 16 17 18 19 20 21 22 | 22.0
Fighting       | 3 4 5 6 7 8 9 10 11 12 13 14 15 16 17 18 19 20 | 20.0
Armour         | 2 3 5 6 7 8 9 10 11 12 13 14 15 16 17 23 | 23.4
Evocations     | 1 2 3 4 5 |  5.0
Shields        | 1 3 4 6 7 8 9 10 11 12 13 14 15 16 17 18 19 20 | 20.0
Dodging        | 3 5 6 7 8 9 10 11 12 13 14 15 16 17 | 17.0
Stealth        | 3 8 |  8.0

Action                     |  1- 3 |  4- 6 |  7- 9 | 10-12 | 13-15 | 16-18 | 19-21 | 22-24 | 25-27 || total
---------------------------+-------+-------+-------+-------+-------+-------+-------+-------+-------++-------
  Melee: Short sword       |    96 |    61 |       |       |       |       |       |       |       ||   157
         Bite              |    19 |    54 |   119 |   319 |  1056 |  1384 |  1339 |  1739 |  2206 ||  8235
         Dagger            |       |   114 |   327 |   765 |  1241 |       |       |       |       ||  2447
         Punch             |       |     2 |     5 |       |       |       |       |       |       ||     7
         Quick blade       |       |       |       |       |  1074 |  2965 |  2557 |  2979 |  3642 || 13217
         Whip              |       |       |       |       |    66 |       |       |       |       ||    66
  Throw: Boomerang         |    31 |     8 |     2 |     2 |       |       |       |       |       ||    43
         Dart              |       |       |    10 |     4 |       |       |       |       |       ||    14
 Invoke: Berserk           |     1 |     1 |     7 |    13 |    12 |     9 |     1 |       |       ||    44
         Trog's Hand       |       |       |     2 |     8 |     6 |    11 |     7 |       |       ||    34
         Brothers in Arms  |       |       |       |     1 |       |     2 |       |       |       ||     3
         Line Pass         |       |       |       |       |       |       |     7 |     4 |    13 ||    24
         Renounce Religion |       |       |       |       |       |       |     1 |       |       ||     1
         Stomp             |       |       |       |       |       |       |     2 |     3 |       ||     5
         Grand Finale      |       |       |       |       |       |       |     1 |     5 |    15 ||    21
  Evoke: Wand              |       |       |     5 |    12 |     1 |     8 |     6 |     5 |     1 ||    38
         Phial of floods   |       |       |     1 |     1 |     1 |     1 |       |       |       ||     4
    Use: Scroll            |       |     6 |     5 |     8 |    13 |    13 |    11 |       |    22 ||    78
         Potion            |       |     2 |       |     3 |     2 |     8 |     8 |     7 |     6 ||    36
   Stab: Betrayed ally     |       |       |       |     1 |       |       |       |       |       ||     1
         Distracted        |       |       |       |       |    19 |    40 |       |     1 |       ||    60
         Paralysed         |       |       |       |       |       |       |   162 |   137 |   184 ||   483
         Confused          |       |       |       |       |       |       |     9 |     3 |    10 ||    22
         Invisible         |       |       |       |       |       |       |     2 |     1 |       ||     3
         Petrified         |       |       |       |       |       |       |       |     2 |       ||     2
         Petrifying        |       |       |       |       |       |       |       |     1 |       ||     1
 Armour: Leather armour    |    36 |       |       |       |       |       |       |       |       ||    36
         Plate armour      |     1 |   141 |   154 |   344 |   222 |       |       |   222 |    84 ||  1168
         Scale mail        |       |       |       |       |   310 |   470 |    94 |       |       ||   874
         Skin              |       |       |       |       |     3 |       |       |       |       ||     3
         Animal skin       |       |       |       |       |    52 |    71 |       |       |       ||   123
         Storm dragon scal |       |       |       |       |       |       |   699 |   506 |       ||  1205
         Gold dragon scale |       |       |       |       |       |       |       |       |   940 ||   940
  Dodge: Dodged            |    47 |    76 |    33 |    53 |   249 |   302 |   337 |   368 |   473 ||  1938
  Block: Tower shield      |       |       |   102 |   370 |  1200 |  1315 |  1057 |  1134 |  1669 ||  6847
         Reflection        |       |       |       |       |    16 |    67 |     5 |       |       ||    88
